 Dungeon Crawl Stone Soup version 0.29.1-15-g9cfb28693d (webtiles) character file.

Game seed: 3405545483626417729

300 Sanktem7 the Chopper (level 6, 0/55 HPs)
             Began as a Minotaur Fighter on Mar 13, 2023.
             Slain by Pikel
             ... wielding a +1 whip of freezing
              (1 damage)
             ... on level 4 of the Dungeon.
             The game lasted 00:04:13 (3102 turns).

Sanktem7 the Chopper (Minotaur Fighter)             Turns: 3102, Time: 00:04:13

Health: 0/55       AC:  8    Str: 22    XL:     6   Next: 13%
Magic:  5/5        EV:  9    Int:  5    God:
Gold:   162        SH:  5    Dex: 10    Spells: 5/5 levels left

rFire   + . .      SeeInvis .   a - +0 war axe {axe}
rCold   + . .      Faith    .   c - +0 buckler
rNeg    . . .      Spirit   .   b - +0 scale mail
rPois   .          Reflect  .   (helmet restricted)
rElec   .          Harm     .   t - +0 cloak
rCorr   .          Rampage  .   (no gloves)
Will    .....                   (no boots)
Stlth   ..........              (no amulet)
HPRegen 0.18/turn               s - ring of the Prince {rF+ rC+}
MPRegen 0.09/turn               (no ring)

@: no status effects
A: horns 2, retaliatory headbutt
a: no special abilities


You were on level 4 of the Dungeon.
You visited 1 branch of the dungeon, and saw 4 of its levels.

You collected 162 gold pieces.


Innate Abilities, Weirdness & Mutations

You have a pair of horns on your head.
You reflexively headbutt those who attack you in melee.


   Skills:
 + Level 4.9 Fighting
 * Level 5.3 Axes
 + Level 4.8 Armour
 + Level 4.9 Shields


You had 5 spell levels left.
You didn't know any spells.
Your spell library contained the following spells:

 Spells                   Type           Power      Damage    Failure   Level
 Beastly Appendage        Tmut           0%         N/A       86%         1
 Wereblood                Tmut           0%         N/A       95%         2
 Spider Form              Tmut/Pois      0%         N/A       99%         3

Inventory:

Hand Weapons
 a - a +0 war axe (weapon) {axe}
Missiles
 e - 2 poisoned darts (quivered) {throwing}
 f - 57 stones {throwing}
Armour
 b - a +0 scale mail (worn)
 c - a +0 buckler (worn)
 t - a +0 cloak (worn)
   (You took it off Crazy Yiuf on level 2 of the Dungeon)
Jewellery
 s - the ring of the Prince (left hand) {rF+ rC+}
   (You found it on level 3 of the Dungeon)

   [ring of protection from fire]

   rF:        It protects you from fire.
   rC:        It protects you from cold.
Wands
 o - a wand of digging (5)
   (You took it off Natasha on level 2 of the Dungeon)
Scrolls
 j - a scroll of butterflies {unknown}
 k - a scroll of immolation {unknown}
 l - a scroll of teleportation {unknown}
 q - 3 scrolls of identify {unknown}
 r - a scroll of poison {unknown}
Potions
 d - 3 potions of might
 g - 3 potions of attraction {unknown}
 h - 2 potions of mutation {unknown}
 i - a potion of brilliance {unknown}
 m - a potion of heal wounds {unknown}
 n - a potion of berserk rage {unknown}
 p - 3 potions of lignification {unknown}
 u - a potion of curing {unknown}
 v - a potion of ambrosia {unknown}
 w - a potion of resistance {unknown}

Dungeon Overview and Level Annotations

Branches:
Dungeon (4/15) Zot: 20852
 Temple: D:4-7

Altars:
Makhleb

Shops:
D:1 =

Annotations:
D:4 Pikel

..?....
........# ###
........# ..#
........####.#
..........#.#
........^/#@#
#.....5#K#
#####.?...55(#
#........#.###
#.......####
#.....K##
#....5##
###.55##
#..<...#


You could see Pikel and a lemure.


Message History

No target in view!
No target in view!
You now have 146 gold pieces (gained 11).
You now have 157 gold pieces (gained 11).
You now have 162 gold pieces (gained 5).
You see here a human skeleton.
You see here a human skeleton.
Key pressed, stopping explore.
You see here a ball python corpse.
Things that are here:
a +0 short sword {short}; a kobold skeleton You see here a bat skeleton.
You see here a ball python skeleton.
Terence the Incautious comes into view.
He is wielding a +0 mace and wearing a +2 scale mail of poison resistance.
Terence shouts!
Terence hits you with a +0 mace. 😕 HP[-6]
You take 6 damage, and now have 49/55 hp.
You hit Terence. You block Terence's attack. 😕 HP[+1]
You slash Terence! Your headbutt misses Terence.
Terence hits you with a +0 mace. Terence closely misses you.
You furiously retaliate!
You headbutt Terence, but do no damage. 😕 HP[-5]
You take 5 damage, and now have 45/55 hp.
You barely miss Terence.
Terence screams, "I'm going to kill you!"
Terence closely misses you. You furiously retaliate!
You headbutt Terence.
You kill Terence!
p - 3 glowing silvery potions (gained 1)
Things that are here:
a +0 mace {mace}; a +2 scale mail of poison resistance
w - a fuming amethyst potion 😎 HP[+10]
Your hp is fully restored (55).
Key pressed, stopping explore.
Done exploring.
There is a stone staircase leading up here.
There is an escape hatch in the floor here.
There is a stone staircase leading down here.
You climb downwards.
You hear the sound of rushing water.
There is an entrance to a sewer on this level.
Hurry and find it before the portal rusts away!
The lemure shouts! x4
There is a stone staircase leading up here.
The lemure attacks as you move away! The lemure hits you but does no damage.
You see here 5 poisoned darts {throwing}.
You barely miss the lemure. The lemure hits you. 😕 HP[-6]
You take 6 damage, and now have 49/55 hp.
You closely miss the lemure. Your headbutt misses the lemure.
The lemure hits you. 😕 HP[-1]
You take 1 damage, and now have 48/55 hp.
You closely miss the lemure. 😕 HP[+1]
You closely miss Pikel.
Pikel hits you with a +1 whip of freezing.
Pikel freezes you. 😕 HP[-6]
You take 6 damage, and now have 43/55 hp.
You hit Pikel but do no damage.
Pikel hits you with a +1 whip of freezing!
Pikel freezes you. 😮 HP[-8]
You take 8 damage, and now have 35/55 hp.
You hit Pikel.
Pikel hits you with a +1 whip of freezing!
* * * LOW HITPOINT WARNING * * *
Pikel freezes you.
* * * LOW HITPOINT WARNING * * *
😨 HP[-9]
You take 9 damage, and now have 26/55 hp.
You completely miss Pikel.
Pikel hits you with a +1 whip of freezing.
* * * LOW HITPOINT WARNING * * *
Pikel freezes you.
* * * LOW HITPOINT WARNING * * *
😨 HP[-5]
You take 5 damage, and now have 21/55 hp.
You closely miss Pikel.
Pikel hits you with a +1 whip of freezing.
* * * LOW HITPOINT WARNING * * *
Pikel hits you with a +1 whip of freezing!
* * * LOW HITPOINT WARNING * * *
Pikel freezes you.
* * * LOW HITPOINT WARNING * * *
😱 HP[-14]
You take 14 damage, and now have 7/55 hp.
MASSIVE DAMAGE!! (PAUSE) Pikel hits you with a +1 whip of freezing.
* * * LOW HITPOINT WARNING * * *
Pikel freezes you.
* * * LOW HITPOINT WARNING * * *
😱 HP[-6]
You take 6 damage, and now have 1/55 hp.
Pikel attacks as you move away! Pikel hits you but does no damage.
Pikel attacks as you move away!
Pikel hits you with a +1 whip of freezing.
You die...

Skill      XL: |  1  2  3  4  5 |
---------------+----------------+-----
Axes           | 3 4 5 |  5.3
Shields        | 4 |  4.9
Fighting       | 4 |  4.9
Armour         | 4 |  4.8

Action                   |  1- 3 |  4- 6 || total
-------------------------+-------+-------++-------
Melee: War axe           |    44 |    96 ||   140
       Headbutt          |     9 |    13 ||    22
Armor: Scale mail        |    15 |    46 ||    61
Dodge: Dodged            |    25 |    40 ||    65
Block: Buckler           |    11 |    20 ||    31

Levels and vault maps discovered:
D:1:      giann_horns, layout_basic, serial_shops, nicolae_square_shop,
          shapermc_ecumenical_altar_venn
D:2:      layout_basic, nicolae_kite_square_tiling_tiny, uniq_natasha,
          uniq_jessica, uniq_crazy_yiuf_cottage
D:3:      layout_loops_cross, mainiacjoe_overflow_tiny_flanked,
          minmay_misc_feat_rugged, wander_ebering_terrifying_dragon_lair,
          uniq_terence
D:4:      layout_basic, portal_sewer_entry_e, corexii_item_surrounded_by_moat,
          kennysheep_nub, uniq_pikel

Notes
Turn   | Place    | Note
-------+----------+-------------------------------------------
     0 | D:1      | Sanktem7 the Minotaur Fighter began the quest for the Orb.
     0 | D:1      | Reached XP level 1. HP: 19/19 MP: 0/0
     0 | D:1      | magus.rc [v1.9.6]
    55 | D:1      | Found a faded altar of an unknown god.
   374 | D:1      | Found Asydihon's Jewellery Boutique.
   390 | D:1      | Reached XP level 2. HP: 27/27 MP: 1/1
   398 | D:1      | Reached skill level 3 in Axes
   644 | D:1      | Reached skill level 4 in Shields
   747 | D:1      | Reached XP level 3. HP: 33/33 MP: 2/2
   839 | D:1      | Reached skill level 4 in Fighting
   849 | D:1      | Reached skill level 4 in Armour
   923 | D:1      | You pick up a book of Changes and begin reading...
   923 | D:1      | You add the spells Beastly Appendage, Wereblood and Spider
                  | Form to your library.
  1148 | D:2      | Noticed Natasha
  1151 | D:2      | Killed Natasha
  1197 | D:2      | Noticed Natasha
  1204 | D:2      | Killed Natasha
  1205 | D:2      | Reached skill level 4 in Axes
  1205 | D:2      | Reached XP level 4. HP: 31/40 MP: 3/3
  1443 | D:2      | Noticed Natasha
  1448 | D:2      | Killed Natasha
  1566 | D:2      | Reached XP level 5. HP: 41/47 MP: 4/4
  1698 | D:2      | Found a runed translucent door.
  1699 | D:2      | Noticed Crazy Yiuf
  1726 | D:2      | Identified a +2 robe of the Archmagi
  1726 | D:2      | Noticed Jessica
  1733 | D:2      | Killed Jessica
  2101 | D:2      | Killed Crazy Yiuf
  2398 | D:3      | Reached skill level 5 in Axes
  2425 | D:3      | Identified the ring of the Prince {rF+ rC+}
  2526 | D:3      | Found a burning altar of Makhleb.
  2612 | D:3      | Reached XP level 6. HP: 55/55 MP: 5/5
  2841 | D:3      | Noticed Terence
  2847 | D:3      | Killed Terence
  3081 | D:4      | Noticed Pikel
  3099 | D:4      | HP: 8/55 [Pikel/+1 whip of freezing (8)]
  3100 | D:4      | HP: 2/55 [Pikel/+1 whip of freezing (5)]
  3102 | D:4      | Slain by Pikel

Vanquished Creatures
  Crazy Yiuf (D:2)
  Jessica (D:2)
  An iguana (D:3)
  Terence (D:3)
  Natasha (thrice) (D:2)
  4 adders
  A gnoll (D:1)
  3 dart slugs
  An orc (D:3)
  2 ball pythons (D:3)
  4 bats
  7 endoplasms
  A giant cockroach (D:2)
  6 goblins
  5 hobgoblins
  4 jackals (D:2)
  A quokka (D:3)
  8 frilled lizards
  12 kobolds
  6 rats
72 creatures vanquished.

Table legend:
 A = Non-vault XP
 B = Vault XP
 C = Vault XP percentage of total XP
 D = Non-vault monster count
 E = Vault monster count
 F = Vault count percentage of total count
                 A         B        C        D         E       F
            +---------+---------+-------+---------+---------+-------
      Total |     278 |     151 |  35.2 |      67 |       5 |   6.9
            +---------+---------+-------+---------+---------+-------
        D:1 |      47 |       0 |   0.0 |      23 |       0 |   0.0
        D:2 |     140 |     114 |  44.9 |      25 |       3 |  10.7
        D:3 |      91 |      37 |  28.9 |      19 |       2 |   9.5
            +---------+---------+-------+---------+---------+-------

Illustrated notes

Table legend:
 A = Kills in this place as a percentage of kills in entire the game.
 B = Kills by you in this place as a percentage of kills by you in the entire game.
 C = Kills by friends in this place as a percentage of kills by friends in the entire game.
 D = Other kills in this place as a percentage of other kills in the entire game.
 E = Experience gained in this place as a percentage of experience gained in the entire game.
 F = Experience gained in this place divided by the number of levels of this place that you have seen.
                   A       B       C       D       E      F
               +-------+-------+-------+-------+-------+----------------------
         Total | 100.0 | 100.0 |   N/A |   N/A | 100.0 | 107.2
       Dungeon | 100.0 | 100.0 |   N/A |   N/A | 100.0 | 107.2
               +-------+-------+-------+-------+-------+----------------------

Table legend: (Time is in decaauts)
 A = Elapsed time spent in this place.
 B = Non-inter-level travel time spent in this place.
 C = Inter-level travel time spent in this place.
 D = Time resting spent in this place.
 E = Time spent auto-exploring this place.
 F = Levels seen in this place.
 G = Mean time per level.
                   A        B        C        D        E       F      G
               +--------+--------+--------+--------+--------+-----+--------+
         Total |   3147 |   3022 |    125 |      0 |   2594 |   4 |  786.8 |
       Dungeon |   3147 |   3022 |    125 |      0 |   2594 |   4 |  786.8 |
               +--------+--------+--------+--------+--------+-----+--------+

Top non-repeatable levels by time:
     D:1: 1156 daAuts
     D:2: 1061 daAuts
     D:3: 906 daAuts
     D:4: 22 daAuts
